 Dungeon Crawl Stone Soup version 0.22.0-38-g04b72b8 (webtiles) character file.

91 Inarius the Slasher (level 4, -5/34 HPs)
             Began as a Demonspawn Gladiator on Aug 30, 2018.
             Killed by divine providence
             ... invoked by an orc priest
              (16 damage)
             ... on level 3 of the Dungeon.
             The game lasted 00:02:43 (1491 turns).

Inarius the Slasher (Demonspawn Gladiator)          Turns: 1491, Time: 00:02:44

Health: -5/34      AC: 10    Str: 15    XL:     4   Next: 34%
Magic:  4/4        EV:  7    Int: 10    God:
Gold:   104        SH:  0    Dex: 14    Spells: 3/3 levels left

rFire    . . .     SeeInvis .   a - +0 long sword
rCold    . . .     Gourm    .   (no shield)
rNeg     . . .     Faith    .   g - +0 chain mail
rPois    .         Spirit   .   c - +0 helmet
rElec    .         Reflect  .   (no cloak)
rCorr    .         Harm     .   e - +0 pair of gloves
MR       .....                  (no boots)
Stlth    ..........             (no amulet)
HPRegen  0.11/turn              (no ring)
MPRegen  0.09/turn              (no ring)

@: no status effects
A: claws 1, demonic guardian 1
a: no special abilities


You were on level 3 of the Dungeon.
You were not hungry.

You visited 1 branch of the dungeon, and saw 3 of its levels.

You collected 104 gold pieces.

Inventory:

Hand Weapons
 a - a +0 long sword (weapon)
Missiles
 d - 3 throwing nets (quivered)
Armour
 c - a +0 helmet (worn)
 e - a +0 pair of gloves (worn)
 g - a +0 chain mail (worn)
 p - a +0 large shield
Scrolls
 i - a scroll of immolation {unknown}
 j - 4 scrolls of identify
 l - a scroll of remove curse {unknown}
 o - 2 scrolls of amnesia {unknown}
 q - a scroll of enchant weapon {unknown}
 r - a scroll of fear {unknown}
 s - a scroll of teleportation {unknown}
Potions
 b - 3 potions of heal wounds
 k - a potion of curing {unknown}
 m - a potion of resistance {unknown}
 n - a potion of flight {unknown}
Comestibles
 f - 7 rations


   Skills:
 * Level 2.9 Fighting
 - Level 3.6 Long Blades
 - Level 1.7 Throwing
 + Level 1.3 Armour
 + Level 3.0 Dodging


You had 3 spell levels left.
You didn't know any spells.
Your spell library was empty.

Dungeon Overview and Level Annotations

Branches:
Dungeon (3/15)

Altars:


Innate Abilities, Weirdness & Mutations

You have sharp fingernails.
A weak demonic guardian rushes to your aid.


Message History

Your white imp barely misses the orc priest.
The quokka barely misses you.
The orc priest closely misses your white imp.
Things that are here:
a short sword; a leather armour You hit the quokka.
You kill the quokka!
Your white imp disappears in a puff of smoke!
The orc priest invokes the aid of Beogh against you.
Beogh smites you!
You hit the worm.
The worm is moderately wounded.
The orc priest looks satisfied for a moment.
Your chain mail prevents you from hitting the worm.
The worm is moderately wounded.
The orc priest mumbles some strange prayers to Beogh against you.
Beogh smites you! The worm bites you but does no damage.
The orc priest mumbles some strange prayers to Beogh against you.
Beogh smites you!
You die...

.. r. .#####. .##
##...... .. ......o.
.### .
........#########.#.##..
........w@5.(.........
.......#o###..#.#...
.....o.#.###...<#.###
.......)..##........#
.........?##...##...#
.#.###.....#........#
###...#..##....#
#...........##
#....#..##..#


You could see a worm, 2 orc priests and a friendly white imp.

Vanquished Creatures
  2 adders (D:2)
  4 dart slugs
  A leopard gecko (D:1)
  A ball python (D:3)
  3 bats
  5 giant cockroaches
  5 goblins
  A hobgoblin (D:2)
  6 jackals
  5 kobolds
  A quokka (D:3)
  A frilled lizard (D:2)
  A rat (D:2)
36 creatures vanquished.

Vanquished Creatures (collateral kills)
  An orc priest (D:3)
  2 orcs (D:3)
3 creatures vanquished.

Grand Total: 39 creatures vanquished

Notes
Turn   | Place    | Note
-------+----------+-------------------------------------------
     0 | D:1      | Inarius the Demonspawn Gladiator began the quest for the Orb.
     0 | D:1      | Reached XP level 1. HP: 16/16 MP: 1/1
   436 | D:1      | Gained mutation: A weak demonic guardian rushes to your aid. [demonic ancestry]
   436 | D:1      | Reached XP level 2. HP: 21/22 MP: 2/2
   889 | D:2      | Gained mutation: You have sharp fingernails. [demonic ancestry]
   889 | D:2      | Reached XP level 3. HP: 27/27 MP: 3/3
  1452 | D:3      | Reached skill level 1 in Armour
  1474 | D:3      | Reached XP level 4. HP: 17/34 MP: 4/4
  1491 | D:3      | Killed from afar by an orc priest

Skill      XL: |  1  2  3 |
---------------+----------+-----
Long Blades    | 3 |  3.6
Dodging        | 3 |  3.0
Armour         | 1 |  1.3
Fighting       | |  2.9
Throwing       | |  1.7

Action                   |  1- 3 |  4- 6 || total
-------------------------+-------+-------++-------
Melee: Long sword        |   120 |    12 ||   132
  Use: Scroll            |     3 |       ||     3
       Potion            |       |     1 ||     1
  Eat: Chunk             |     2 |       ||     2
Armor: Chain mail        |   103 |     7 ||   110
Dodge: Dodged            |    62 |     2 ||    64
       Rpst.: Long sword |    18 |       ||    18
